 Dungeon Crawl Stone Soup version 0.29-a0-322-g68df515428 (webtiles) character file.

Game seed: 208003252394337740

289 Morbidden the Conjurer (level 6, 0/48 HPs)
             Began as a Minotaur Conjurer on Apr 8, 2022.
             Slain by a gnoll
             ... wielding a +0 halberd
              (9 damage)
             ... on level 3 of the Dungeon.
             The game lasted 00:03:34 (2791 turns).

Morbidden the Conjurer (Minotaur Conjurer)          Turns: 2791, Time: 00:03:35

Health: 0/48       AC:  2    Str: 12    XL:     6   Next: 9%
Magic:  3/8        EV: 12    Int: 17    God:
Gold:   173        SH:  0    Dex:  8    Spells: 6/9 levels left

rFire   . . .      SeeInvis .   a - +3 dagger
rCold   . . .      Faith    .   (no shield)
rNeg    . . .      Spirit   .   f - +0 robe {Archmagi}
rPois   .          Reflect  .   (helmet restricted)
rElec   .          Harm     .   (no cloak)
rCorr   .          Rampage  .   (no gloves)
Will    .....      Archmagi +   (no boots)
Stlth   ++........              (no amulet)
HPRegen 0.16/turn               (no ring)
MPRegen 0.11/turn               (no ring)

@: no status effects
A: horns 2, retaliatory headbutt
a: no special abilities


You were on level 3 of the Dungeon.
You visited 1 branch of the dungeon, and saw 3 of its levels.

You collected 173 gold pieces.

Inventory:

Hand Weapons
 a - a +3 dagger (weapon)
Missiles
 c - 3 poisoned darts (quivered)
Armour
 f - a +0 robe of the Archmagi (worn)
Jewellery
 r - a +4 ring of evasion
Wands
 o - a wand of polymorph (10)
Scrolls
 h - a scroll of identify
 i - a scroll of blinking {unknown}
 j - a scroll of vulnerability {unknown}
 l - a scroll of magic mapping {unknown}
 n - a scroll of enchant weapon {unknown}
 p - 2 scrolls of teleportation {unknown}
Potions
 b - a potion of magic
 d - 2 potions of heal wounds {unknown}
 e - 2 potions of degeneration
 g - 2 potions of flight {unknown}
 k - a potion of lignification {unknown}
 m - a potion of might {unknown}
 q - a potion of mutation {unknown}


   Skills:
 * Level 1.8 Fighting
 + Level 0.4 Long Blades
 + Level 0.2 Throwing
 * Level 3.2 Dodging
 + Level 1.8 Stealth
 * Level 2.2 Spellcasting
 * Level 4.5 Conjurations


You had 6 spell levels left.
You knew the following spells:

 Your Spells              Type           Power      Damage    Failure   Level
a - Magic Dart            Conj           100%       1d8       3%          1
b - Searing Ray           Conj           52%        2d6       4%          2

Your spell library contained the following spells:

 Spells                   Type           Power      Damage    Failure   Level
 Dazzling Flash           Conj/Hex       28%        N/A       22%         3
 Fulminant Prism          Conj/Hex       7%         3d7       58%         4
 Iskenderun's Mystic Bla  Conj/Tloc      14%        2d5       58%         4


Dungeon Overview and Level Annotations

Branches:
Dungeon (3/15)

Altars:
Xom


Innate Abilities, Weirdness & Mutations

You have a pair of horns on your head.
You reflexively headbutt those who attack you in melee.


Message History

Aiming: Searing Ray (safe; 4% risk of failure)
Press: ? - help, Shift-Dir - straight line, f - gnoll
Aim: a gnoll, wielding a +0 club (82% to hit)
You feel a surge of power!
The searing ray hits the gnoll.
The gnoll is heavily wounded.
The searing ray hits the gnoll.
The gnoll is lightly wounded.
The searing ray hits the gnoll.
The gnoll is moderately wounded. (Press . to maintain the ray.)
The gnoll barely misses you.
The gnoll hits you from afar with a +0 halberd!
The searing ray hits the gnoll.
The gnoll is severely wounded.
The searing ray hits the gnoll.
The gnoll is heavily wounded.
The searing ray hits the gnoll!
The gnoll is severely wounded.
The gnoll hits you with a +0 flail!
* * * LOW HITPOINT WARNING * * *
The gnoll hits you from afar with a +0 halberd.
* * * LOW HITPOINT WARNING * * *
The searing ray hits the gnoll.
You kill the gnoll!
The searing ray hits the gnoll.
The gnoll is heavily wounded.
The searing ray hits the gnoll.
The gnoll is almost dead.
The gnoll barely misses you.
Unknown command.
Unknown command.
Unknown command.
Unknown command.
The searing ray hits the gnoll.
The gnoll is almost dead.
The searing ray hits the gnoll.
You kill the gnoll!
You finish channelling your searing ray.
The gnoll hits you from afar with a +0 halberd!
You die...

#........# #.......
#........###########
#................
#........#...####
#........#...#
#####........#####
.............+
###..?.....#
##.@..$..# #)#####.#
#g #.# #) .# #. .#
#. #. #.


You could see a gnoll.

Vanquished Creatures
  Sigmund (D:2)
  A phantom (D:3)
  2 gnolls (D:3)
  An adder (D:2)
  A worm (D:2)
  2 dart slugs
  4 endoplasms
  A giant cockroach (D:3)
  7 hobgoblins (D:2)
  2 jackals (D:3)
  2 kobolds
  A quokka (D:2)
  5 ball pythons
  5 bats
  2 frilled lizards (D:2)
  4 goblins
  3 rats
44 creatures vanquished.

Vanquished Creatures (others)
  5 fungi (D:3)
  3 plants (D:2)
8 creatures vanquished.

Grand Total: 52 creatures vanquished

Notes
Turn   | Place    | Note
-------+----------+-------------------------------------------
     0 | D:1      | Morbidden the Minotaur Conjurer began the quest for the
                  | Orb.
     0 | D:1      | Reached XP level 1. HP: 14/14 MP: 1/1
    18 | D:1      | Reached skill level 3 in Conjurations
   639 | D:1      | Reached XP level 2. HP: 16/20 MP: 0/3
   858 | D:1      | Learned a level 2 spell: Searing Ray
  1195 | D:2      | Reached XP level 3. HP: 26/26 MP: 0/4
  1401 | D:2      | Noticed Sigmund
  1552 | D:2      | Found a faded altar of an unknown god.
  1978 | D:2      | Killed Sigmund
  1979 | D:2      | Reached skill level 1 in Fighting
  1979 | D:2      | Reached skill level 4 in Conjurations
  1979 | D:2      | Reached XP level 4. HP: 35/35 MP: 0/5
  1979 | D:2      | Reached XP level 5. HP: 40/40 MP: 0/6
  2125 | D:3      | Noticed a phantom
  2181 | D:3      | Killed a phantom
  2182 | D:3      | Reached XP level 6. HP: 21/48 MP: 0/8
  2653 | D:3      | Found a shimmering altar of Xom.
  2791 | D:3      | Slain by a gnoll

Illustrated notes

Levels and vault maps discovered:
D:1:      minmay_arrival_radiant_lines, layout_rooms,
          chequers_serial_rivers_micro_c
D:2:      layout_loops_ring, dreamdust_ecumenical_altar_grove, uniq_sigmund
D:3:      layout_basic, lemuel_coloured_pillars_altar,
          mainiacjoe_overflow_chevrons

Skill      XL: |  1  2  3  4  5 |
---------------+----------------+-----
Conjurations   | 3 4 |  4.5
Fighting       | 1 |  1.8
Dodging        | 3 |  3.2
Spellcasting   | 2 |  2.2
Long Blades    | |  0.4
Throwing       | |  0.2
Stealth        | |  1.8

Action                   |  1- 3 |  4- 6 || total
-------------------------+-------+-------++-------
Melee: Falchion          |    15 |       ||    15
       Unarmed           |     4 |       ||     4
       Headbutt          |     3 |     2 ||     5
       Dagger            |       |    11 ||    11
Throw: Dart              |     6 |       ||     6
 Cast: Magic Dart        |    40 |    21 ||    61
       Searing Ray       |     1 |     1 ||     2
  Use: Scroll            |     1 |       ||     1
Armor: Robe              |     8 |     2 ||    10
Dodge: Dodged            |    15 |    15 ||    30

Table legend: (Time is in decaauts)
 A = Elapsed time spent in this place.
 B = Non-inter-level travel time spent in this place.
 C = Inter-level travel time spent in this place.
 D = Time resting spent in this place.
 E = Time spent auto-exploring this place.
 F = Levels seen in this place.
 G = Mean time per level.
                   A        B        C        D        E       F      G
               +--------+--------+--------+--------+--------+-----+--------+
         Total |   2796 |   2712 |     84 |    449 |   1891 |   3 |  932.0 |
       Dungeon |   2796 |   2712 |     84 |    449 |   1891 |   3 |  932.0 |
               +--------+--------+--------+--------+--------+-----+--------+

Top non-repeatable levels by time:
     D:2: 1139 daAuts
     D:1: 1014 daAuts
     D:3: 642 daAuts
